 Dungeon Crawl Stone Soup version 0.29.1-12-g30fa7ad0bf (webtiles) character file.

Game seed: 4221670938805618065

379 MisterFreud the Fighter (level 6, -5/61 HPs)
             Began as a Minotaur Fighter on Dec 28, 2022.
             Blown up by Ijyb (16 damage)
             ... with a mindburst bolt
             ... on level 3 of the Dungeon.
             The game lasted 00:02:04 (2240 turns).

MisterFreud the Fighter (Minotaur Fighter)          Turns: 2240, Time: 00:02:05

Health: -5/61      AC:  8    Str: 20    XL:     6   Next: 45%
Magic:  5/5        EV:  8    Int:  5    God:
Gold:   107        SH:  9    Dex: 12    Spells: 5/5 levels left

rFire   . . .      SeeInvis .   a - +1 long sword
rCold   . . .      Faith    .   g - +0 kite shield
rNeg    + . .      Spirit   .   b - +0 scale mail
rPois   .          Reflect  .   (helmet restricted)
rElec   .          Harm     .   (no cloak)
rCorr   .          Rampage  .   e - +0 pair of gloves
Will    .....                   (no boots)
Stlth   ..........              (no amulet)
HPRegen 0.20/turn               k - ring of positive energy
MPRegen 0.09/turn               (no ring)

@: studying Shields
A: horns 2, retaliatory headbutt
a: no special abilities


You were on level 3 of the Dungeon.
You visited 1 branch of the dungeon, and saw 3 of its levels.

You collected 107 gold pieces.

Inventory:

Hand Weapons
 a - a +1 long sword (weapon)
Armour
 b - a +0 scale mail (worn)
 c - a +0 buckler
 e - a +0 pair of gloves (worn)
 g - a +0 kite shield (worn)
Jewellery
 k - a ring of positive energy (left hand)
 l - a ring of poison resistance
Scrolls
 h - a scroll of amnesia {unknown}
Potions
 d - 2 potions of might
 f - a potion of flight
 i - a potion of attraction {unknown}
 j - a potion of degeneration {unknown}
 m - a potion of haste {unknown}
 o - a potion of heal wounds {unknown}


   Skills:
 - Level 8.0 Fighting
 - Level 2.4 Long Blades
 - Level 3.6 Armour
 + Level 6.5 Shields


You had 5 spell levels left.
You didn't know any spells.
Your spell library was empty.

Dungeon Overview and Level Annotations

Branches:
Dungeon (3/15)

Altars:
Yredelemnul

Annotations:
D:3 Ijyb


Innate Abilities, Weirdness & Mutations

You have a pair of horns on your head.
You reflexively headbutt those who attack you in melee.


Message History

Found a stone staircase leading down.
You see here a bat corpse.
No target in view!
Ijyb the Twisted Goblin comes into view.
She is wielding a +0 dagger and carrying a wand of mindburst (12).
Ijyb shouts!
Ijyb is nearby!
Ijyb is nearby!
Ijyb hits you but does no damage.
You closely miss Ijyb. Your headbutt misses Ijyb. You block Ijyb's attack.
You hit Ijyb but do no damage. You headbutt Ijyb.
Ijyb is lightly wounded.
Ijyb hits you with a +0 dagger. You block Ijyb's attack.
You closely miss Ijyb.
A dart slug comes into view.
Ijyb zaps a wand.
Your mind is blasted!
You slash Ijyb!
Ijyb is moderately wounded.
Ijyb hits you with a +0 dagger.
You hit Ijyb.
Ijyb is moderately wounded.
Ijyb zaps a wand.
Your mind is blasted!
Ijyb hits you but does no damage.
You hit Ijyb but do no damage. You headbutt Ijyb.
Ijyb is heavily wounded.
You block Ijyb's attack.
You barely miss Ijyb. Your headbutt misses Ijyb.
Ijyb is heavily wounded.
Ijyb barely misses you. You block Ijyb's attack.
You barely miss Ijyb. You headbutt Ijyb.
Ijyb is severely wounded.
Ijyb zaps a wand.
Your mind is blasted!
You hit Ijyb but do no damage.
Ijyb is severely wounded.
Ijyb hits you with a +0 dagger.
You completely miss Ijyb.
Ijyb is severely wounded.
Ijyb zaps a wand.
Your mind is blasted!
* * * LOW HITPOINT WARNING * * *
The dart slug launches a dart at you. The slug dart misses you.
Ijyb zaps a wand.
Your mind is blasted!
You die...

...##.#.# ##.#
##.##.#.# .......#
.#.##...#..# #...#
.#.##.#.#..#.#...#
.#)........#.#...#
##.####.#####....#
##.#...^....+....+
.#.#+##.#####..wg#
##.....## #...@#
.......# #....##
###....# #.....###
#....#
#.......#..#
#....#
####.......#
####'######
#.#######
..........# #†#
.###......# #.#
#......#
###'#########


You could see Ijyb and a dart slug.

Vanquished Creatures
  Grinder (D:3)
  An iguana (D:3)
  Jessica (D:2)
  Terence (D:3)
  4 adders
  A dart slug (D:1)
  An orc (D:3)
  4 ball pythons
  5 endoplasms
  A giant cockroach (D:3)
  9 goblins
  3 hobgoblins
  4 jackals (D:1)
  8 kobolds
  2 quokkas (D:3)
  11 bats
  2 frilled lizards
  3 rats
  A spectral orc (D:3)
63 creatures vanquished.

Notes
Turn   | Place    | Note
-------+----------+-------------------------------------------
     0 | D:1      | MisterFreud the Minotaur Fighter began the quest for the
                  | Orb.
     0 | D:1      | Reached XP level 1. HP: 19/19 MP: 0/0
    65 | D:1      | Reached skill level 4 in Fighting
   147 | D:1      | Reached XP level 2. HP: 26/28 MP: 1/1
   494 | D:1      | Reached skill level 5 in Fighting
   506 | D:1      | Found a faded altar of an unknown god.
   725 | D:1      | Reached XP level 3. HP: 36/36 MP: 2/2
   873 | D:2      | Noticed Jessica
   878 | D:2      | Killed Jessica
  1158 | D:2      | Reached skill level 6 in Fighting
  1158 | D:2      | Reached XP level 4. HP: 39/44 MP: 3/3
  1588 | D:3      | Noticed Terence
  1594 | D:3      | Killed Terence
  1668 | D:3      | Found a basalt altar of Yredelemnul.
  1835 | D:3      | Reached XP level 5. HP: 51/51 MP: 4/4
  1862 | D:3      | Reached skill level 7 in Fighting
  1985 | D:3      | Noticed Grinder
  1986 | D:3      | Paralysed by Grinder for 5 turns
  1997 | D:3      | Paralysed by Grinder for 5 turns
  2009 | D:3      | Killed Grinder
  2010 | D:3      | Reached skill level 8 in Fighting
  2010 | D:3      | Reached XP level 6. HP: 23/61 MP: 5/5
  2227 | D:3      | Noticed Ijyb
  2240 | D:3      | Blown up by Ijyb

Illustrated notes

Levels and vault maps discovered:
D:1:      minmay_arrival_four_houses, layout_basic,
          dreamdust_ecumenical_altar_angels_and_demons, dk_noncrumbling_3,
          amcnicky_mini_corridor_feature
D:2:      layout_loops_ring, uniq_jessica
D:3:      layout_basic, nicolae_vehumet_altar_sigil,
          yredelemnul_forgotten_temple_becter, minmay_surrounded, uniq_terence,
          uniq_ijyb, uniq_grinder

Skill      XL: |  1  2  3  4  5 |
---------------+----------------+-----
Fighting       | 4 5 6 8 |  8.0
Shields        | 6 |  6.5
Long Blades    | |  2.4
Armour         | |  3.6

Action                   |  1- 3 |  4- 6 || total
-------------------------+-------+-------++-------
Melee: Long sword        |    79 |    79 ||   158
       Headbutt          |    11 |     8 ||    19
  Use: Scroll            |     3 |     2 ||     5
 Stab: Distracted        |       |     1 ||     1
Armor: Scale mail        |    42 |    46 ||    88
Dodge: Dodged            |    36 |    38 ||    74
Block: Buckler           |    17 |    19 ||    36
       Kite shield       |       |     6 ||     6
